 Dungeon Crawl Stone Soup version 0.18-a0-1726-g399342b (webtiles) character file.

30 FatPrincess the Gusty (level 3, -3/21 HPs)
             Began as a High Elf Air Elementalist on Mar 21, 2016.
             Was an Initiate of Elyvilon.
             Shot with an arrow by a centaur (14 damage)
             ... on level 2 of the Dungeon.
             The game lasted 00:03:12 (697 turns).

FatPrincess the Gusty (High Elf Air Elementalist)    Turns: 697, Time: 00:03:12

Health: -3/21      AC:  4    Str:  7    XL:     3   Next: 5%
Magic:  0/8        EV: 12    Int: 19    God:    Elyvilon [......]
Gold:   39         SH:  0    Dex: 16    Spells: 3 memorised, 3 levels left

rFire  . . .     SeeInvis .     g - +0 dagger
rCold  . . .     Gourm    .     i - +0 leather armour
rNeg   . . .     Faith    .     (no shield)
rPois  .         Spirit   .     (no helmet)
rElec  .         Dismiss  .     (no cloak)
rCorr  .         Reflect  .     k - +0 pair of gloves
SustAt .         Harm     .     (no boots)
MR     .....                    (no amulet)
Stlth  +++.......               (no ring)
                                m - ring of stealth

@: very slightly contaminated, not resistant to hostile enchantments, fairly
stealthy
A: no striking features
a: Renounce Religion


You were on level 2 of the Dungeon.
You worshipped Elyvilon.
Elyvilon was noncommittal.
You were not hungry.

You visited 1 branch of the dungeon, and saw 2 of its levels.

You collected 39 gold pieces.

Inventory:

Hand Weapons
 g - a +0 dagger (weapon)
Armour
 a - a +0 robe
 i - a +0 leather armour (worn)
 k - a +0 pair of gloves (worn)
Jewellery
 m - a ring of stealth (left hand)
Scrolls
 e - a scroll of remove curse {unknown}
 j - a scroll of magic mapping {unknown}
Potions
 d - a potion of beneficial mutation {unknown}
 f - a potion of magic {unknown}
 h - a potion of haste
Books
 b - a book of Air

   Spells                             Type                      Level
   a - Shock                          Conjuration/Air              1
   b - Swiftness                      Charms/Air                   2
   c - Repel Missiles                 Charms/Air                   2
   d - Static Discharge               Conjuration/Air              3
   e - Lightning Bolt                 Conjuration/Air              5
Comestibles
 c - 3 bread rations


   Skills:
 + Level 2.5 Dodging
 + Level 2.5 Stealth
 + Level 3.0 Spellcasting
 + Level 1.1 Conjurations
 * Level 0.5 Charms
 + Level 4.1 Air Magic


You had 3 spell levels left.
You knew the following spells:

 Your Spells              Type           Power        Failure   Level  Hunger
a - Shock                 Conj/Air       ##..         10%         1    None
b - Repel Missiles        Chrm/Air       ##....       14%         2    ##.....
c - Swiftness             Chrm/Air       ##......     14%         2    ##.....


Dungeon Overview and Level Annotations

Branches:
Dungeon (2/15)

Altars:
Elyvilon


Message History

You smell something strange.
The centaur shoots an arrow.
The arrow closely misses you.
The centaur shoots an arrow.
The arrow barely misses you.
Casting: Shock
Confirm with . or Enter, or press ? or * to list all spells.
Aiming: Shock
Press: ? - help, Shift-Dir - straight line The zap hits the centaur.
The centaur is moderately wounded.
The zap hits the centaur.
The centaur is heavily wounded.
The centaur shoots an arrow.
The arrow closely misses you.
The centaur shoots an arrow.
The arrow closely misses you.
The centaur shoots an arrow.
The arrow closely misses you.
The centaur shoots an arrow.
The arrow is repelled.
You feel less protected from missiles.
A hobgoblin comes into view.
The centaur shoots an arrow.
The arrow hits you!
Ouch! That really hurt!
You die...

.....### ....... #
#..........#.g .....#
.#.#............. .....#
..#......[...... .....#
............... .....#
#.#........... .....#
#.#........#
.....####.#........#
...........(.(..@.c#
#.###......†...##.......
#..####[.......# ###....
##.............# ...
#####........# .
##..........####
...............#
...##.......##..#
######...#### ...


You could see a centaur and a hobgoblin (sleeping).

Vanquished Creatures
  An adder (D:2)
  A giant gecko (D:1)
  2 giant cockroaches
  5 goblins (D:1)
  2 hobgoblins (D:1)
  A ball python (D:1)
  2 bats (D:1)
  A giant newt (D:1)
  5 kobolds
  A rat (D:1)
21 creatures vanquished.

Notes
Turn   | Place    | Note
--------------------------------------------------------------
     0 | D:1      | FatPrincess the High Elf Air Elementalist began the quest for the Orb.
     0 | D:1      | Reached XP level 1. HP: 11/11 MP: 4/4
   258 | D:1      | Reached XP level 2. HP: 4/17 MP: 3/6
   258 | D:1      | Reached skill level 4 in Air Magic
   337 | D:1      | Learned a level 2 spell: Repel Missiles
   340 | D:1      | Learned a level 2 spell: Swiftness
   657 | D:2      | Found a white marble altar of Elyvilon.
   668 | D:2      | Reached XP level 3. HP: 14/21 MP: 4/8
   680 | D:2      | Became a worshipper of Elyvilon the Healer
   691 | D:2      | Noticed a centaur
   697 | D:2      | Shot with an arrow by a centaur

Vault maps used:
D:1:      mrwooster_arrival_arrow
D:2:      overflow_temple_1_default, first_bread

Skill      XL: |  1  2 |
---------------+-------+-----
Air Magic      | 4 |  4.1
Spellcasting   | 3 |  3.0
Dodging        | |  2.5
Stealth        | |  2.5
Conjurations   | |  1.1
Charms         | |  0.5

Action                   || total
-------------------------++-------
Melee: Dagger            ||    16
       Unarmed           ||     3
 Cast: Shock             ||    28
       Repel Missiles    ||     1
 Stab: Sleeping          ||     4
